[Event "Torneo Nuevo Centro. Jornada 11"]
[Site "Chess.com"]
[Date "2020.08.28"]
[Round "1"]
[White "Serrano Requena, Guillem"]
[Black "Pedros Viudes, Santiago"]
[Result "0-1"]
[WhiteElo "1315"]
[BlackElo "1932"]
[TimeControl "180+2"]
[EndTime "10:39:03 PDT"]
[Termination "Victoria de ElGatoKamsky por tiempo"]

1. d4 Nf6 2. Bg5 d5 3. Bxf6 gxf6 4. e3 c5 5. g3 Nc6 6. Bg2 Bf5 7. a3 Qa5+ 8. c3 e6 9. Ne2 c4 10. Nd2 b5 11. O-O h5 12. h4 Qa4 13. b3 cxb3 14.
Qxb3 Qxb3 15. Nxb3 Bd3 16. Rfe1 f5 17. Nf4 Bc4 18.
Nd2 Bd6 19. Nxc4 bxc4 20. Ne2 O-O-O 21. Reb1 Kc7 22. a4 Rb8 23. Kh2 Na5 24. Nc1 Rxb1 25.
Rxb1 Nc6 26. Na2 Na5 27. Rb5 Nc6 28. a5 a6 29. Rb6 Ra8 30. f3 Nxa5 31. Rb1 Nb3 32. Nc1 Rb8 33. Rb2 Nxc1 34. Rxb8 Kxb8 35. Bf1 a5 0

[Event "Torneo Nuevo Centro. Jornada 11"]
[Site "Chess.com"]
[Date "2020.08.28"]
[Round "1"]
[White "Garcia, Jhoel"]
[Black "Beneyto de Ramon, Guillermo"]
[Result "1-0"]
[WhiteElo "2382"]
[BlackElo "1638"]
[TimeControl "180+2"]
[EndTime "10:39:31 PDT"]
[Termination "Victoria de shoels por tiempo"]

1. Nc3 d5 2. d4 e6 3. e4 c6 4. Nf3 dxe4 5. Nxe4 f5 6. Nc3 Nf6 7. Bd3 Bb4 8. Bd2 O-O 9. Qe2 Kh8 10. O-O-O Nbd7 11. a3 Bxc3 12. Bxc3 b5 13. Ne5 Nxe5 14. dxe5 Nd5 15. Bd2 a5 16. Kb1 b4 17. a4 Rb8 18.
Bc4 Qc7 19. h3 Bd7 20. Bb3 c5 21. Bxd5 exd5 22. e6 Rfe8 23. Qf3 Bxe6 24. Bf4 Qc6 25. Bxb8 Rxb8 26. Rhe1 c4 27. b3 cxb3 28. cxb3 Rc8 29. Rc1 Qd7 30. Rxc8+ Qxc8 31. Rc1 Qf8 32. Qe3 Bd7 33.
Rc7 f4 34. Qe5 Bf5+ 35. Kb2 h6 36. Rb7 Kh7 37. Rc7 Bg6 38. Rc5 Be4 39. Rc2 Bxc2 40. Kxc2 Qc8+ 41. Kd2 f3 42. gxf3 Qd8 43. Qf5+ g6 44.
Qf7+ Kh8 45. Qxg6 Qc8 46. Qxh6+ Kg8 47. Qg5+ Kh8 48. Qh4+ Kg7 49. Qg4+ Qxg4 50. fxg4 1

[Event "Torneo Nuevo Centro. Jornada 11"]
[Site "Chess.com"]
[Date "2020.08.28"]
[Round "1"]
[White "Chofre Murcia, Adrián"]
[Black "Kovacevic, Slobodan"]
[Result "1-0"]
[WhiteElo "1640"]
[BlackElo "2259"]
[TimeControl "180+2"]
[EndTime "10:39:31 PDT"]
[Termination "Victoria de Kelorian por tiempo"]

1. e4 c5 2. Nc3 e6 3. Nf3 a6 4. d3 b5 5. Be3 d6 6. Be2 Bb7 7.
O-O Nd7 8. a3 Ngf6 9. Qd2 Be7 10. Bg5 O-O 11. h3 Rc8 12. Nd1 Qc7 13. c3 Rfe8 14.
Bxf6 Bxf6 15. Ne3 Ne5 16. Nxe5 dxe5 17. Ng4 Be7 18. Rad1 Red8 19. Qe3 h6 20. Qg3 Kh7 21. Ne3 g6 22. Qf3 Kg7 23. Ng4 h5 24. Ne3 Bg5 25. Qg3 Bf4 26. Qf3 f5 27. g3 Bh6 28. Ng2 Rf8 29. g4 hxg4 30. hxg4 fxe4 31. Qg3 Bf4 32.
Qh3 Rh8 33. Nh4 g5 34. Qg2 Rxh4 35. dxe4 Rch8 36. Bf3 Rh2 37. Qxh2 Rxh2 38. Bg2 Kf6 39. f3 Bc6 40. Rf2 c4 41. Rfd2 Qb6+ 42. Kf1 Bxd2 43. Rxd2 1

[Event "Torneo Nuevo Centro. Jornada 11"]
[Site "Chess.com"]
[Date "2020.08.28"]
[Round "1"]
[White "Perez Garcia, Jose Miguel"]
[Black "Yatseta Fernandez, Marc Kazymyr"]
[Result "0-1"]
[WhiteElo "2045"]
[BlackElo "1516"]
[TimeControl "180+2"]
[EndTime "10:39:37 PDT"]
[Termination "Victoria de K_73 por abandono"]

1. e4 e5 2. Nf3 Nc6 3. d4 exd4 4. Bc4 Nf6 5. O-O Nxe4 6. Re1 d5 7. Bxd5 Qxd5 8.
Nc3 Qa5 9. Nxe4 Be6 10. Bd2 Bb4 11. c3 dxc3 12. bxc3 Be7 13. Neg5 O-O-O 14. Nxe6 fxe6 15.
Qe2 e5 16. c4 Qc5 17. Bc3 Bf6 18. Nxe5 Nxe5 19. Bxe5 Rhe8 20. Qg4+ Kb8 21. Bxf6 gxf6 22.
Rab1 Qa3 23. Rxe8 Rxe8 24. g3 Qxa2 25. Rd1 a6 26. Kg2 Qe2 27. Qxe2 Rxe2 28. Rd8+ Ka7 29. Rd7 h5 30. Rxc7 Kb6 31. Rc8 a5 32. Rf8 Re6 33.
Rc8 a4 34. Ra8 Kc5 35. Rxa4 Ra6 36. Rxa6 bxa6 37. Kf1 Kxc4 38. Ke1 Kb3 39. f3 a5 40. g4 a4 41. gxh5 a3 42. Kf2 a2 43. Kg3 a1=Q 44. Kh4 Qd4+ 45. Kg3 Qe5+ 46. Kg4 Qg5+ 47.
Kh3 Qxh5+ 48. Kg3 Qg5+ 49. Kf2 Kc3 50. f4 Qxf4+ 0

[Event "Torneo Nuevo Centro. Jornada 11"]
[Site "Chess.com"]
[Date "2020.08.28"]
[Round "2"]
[White "Gukasov, Artem"]
[Black "Fitzpatrick Dimas, Kevin"]
[Result "1-0"]
[WhiteElo "1463"]
[BlackElo "843"]
[TimeControl "180+2"]
[EndTime "10:43:29 PDT"]
[Termination "Victoria de ArtemGukasov por abandono"]

1. e4 e5 2. Nf3 Nc6 3. Bc4 Bc5 4. Nc3 d6 5. d3 Bg4 6. h3 Bxf3 7. Qxf3 Nf6 8. g4 O-O 9. Bg5 Nd4 10. Qd1 h6 11. Bh4 g5 12. Bg3 Re8 13. Nb5 c6 14. Nxd4 exd4 15. O-O d5 16. exd5 cxd5 17. Bb3 Bb4 18.
Qf3 Re6 19. h4 gxh4 20. Bxh4 Ne4 21. Bxd8 1

[Event "Torneo Nuevo Centro. Jornada 11"]
[Site "Chess.com"]
[Date "2020.08.28"]
[Round "2"]
[White "Fernández Martin, Carlos"]
[Black "Miranda Calvo, Max Rodrigo"]
[Result "1-0"]
[WhiteElo "1777"]
[BlackElo "1301"]
[TimeControl "180+2"]
[EndTime "10:43:32 PDT"]
[Termination "Victoria de Pistachomortal por abandono"]

1. e4 e5 2. Nf3 Nc6 3. Bb5 Nd4 4. Nxd4 exd4 5. O-O c6 6. Ba4 Bc5 7. Bb3 Ne7 8. Qh5 O-O 9. Qxc5 d6 10. Qxd4 c5 11. Qe3 Qb6 12. Nc3 Bd7 13. d3 Qc7 14. Nd5 Nxd5 15. Bxd5 Rac8 16. b3 b6 17. Bb2 Be6 18.
Qg3 g6 19. Qh4 h5 20. Qf6 Bxd5 1

[Event "Torneo Nuevo Centro. Jornada 11"]
[Site "Chess.com"]
[Date "2020.08.28"]
[Round "2"]
[White "Pardo Ruiz, Carlos"]
[Black "Ainsa Jimenez, Lucas"]
[Result "1-0"]
[WhiteElo "1691"]
[BlackElo "1187"]
[TimeControl "180+2"]
[EndTime "10:43:38 PDT"]
[Termination "Victoria de Carlitoscarlsen por jaque mate"]

1. e4 e5 2. Nf3 Nc6 3. Bc4 Bc5 4. c3 Nf6 5. d4 exd4 6. cxd4 Bb4+ 7. Bd2 Bxd2+ 8.
Nbxd2 O-O 9. O-O Na5 10. Bb3 Nxb3 11. Qxb3 c6 12. Rfe1 d5 13. e5 Nd7 14. Qe3 Nb6 15. b3 Re8 16. Qf4 Qc7 17. Qg3 f6 18. exf6 Rxe1+ 19. Rxe1 Qf7 20. Re8+ Qf8 21. Qxg7# 1

[Event "Torneo Nuevo Centro. Jornada 11"]
[Site "Chess.com"]
[Date "2020.08.28"]
[Round "2"]
[White "Blanco Solaz, Ramón"]
[Black "Fente Fernandez, Jose Ignacio"]
[Result "0-1"]
[WhiteElo "1969"]
[BlackElo "1568"]
[TimeControl "180+2"]
[EndTime "10:43:58 PDT"]
[Termination "Victoria de SrFente por abandono"]

1. e4 c5 2. d4 cxd4 3. c3 dxc3 4. Nxc3 Nc6 5. Bc4 Nf6 6. Nf3 d6 7. O-O e6 8. Qe2 Be7 9. Rd1 e5 10. b4 a6 11. a4 Be6 12. b5 Na5 13. Bxe6 fxe6 14.
Nxe5 Qc7 15. Qh5+ Nxh5 16. Nd3 Qxc3 17. Bb2 Qb3 18. Ra3 Qxd1+ 0

[Event "Torneo Nuevo Centro. Jornada 11"]
[Site "Chess.com"]
[Date "2020.08.28"]
[Round "2"]
[White "Fernández Martín, Berta"]
[Black "Conejero Martínez, Víctor"]
[Result "0-1"]
[WhiteElo "565"]
[BlackElo "1372"]
[TimeControl "180+2"]
[EndTime "10:44:24 PDT"]
[Termination "Victoria de Camelocota20 por tiempo"]

1. e4 c5 2. Nf3 Nc6 3. d4 cxd4 4.
Nxd4 e5 5. Nxc6 bxc6 6. Nc3 Bb4 7. a3 Bc5 8. Bc4 Nf6 9. Be3 Bxe3 10. fxe3 O-O 11.
O-O Ng4 12. Qd2 Qg5 13. Rae1 Qh6 14. h3 Nf6 0

[Event "Torneo Nuevo Centro. Jornada 11"]
[Site "Chess.com"]
[Date "2020.08.28"]
[Round "2"]
[White "Donate Peris, Jose Manuel"]
[Black "Hernández Tomás, Efrén"]
[Result "0-1"]
[WhiteElo "1527"]
[BlackElo "1112"]
[TimeControl "180+2"]
[EndTime "10:45:03 PDT"]
[Termination "Victoria de EfrenHT10 por abandono"]

1. d4 d5 2. c4 c5 3. dxc5 e6 4. cxd5 exd5 5. e4 Bxc5 6. exd5 Qf6 7. Nf3 Qb6 8. Qe2+ Ne7 9. Nc3 Bb4 10. Bd2 Bg4 11. h3 Bxf3 12. Qxf3 O-O 13. Bd3 Re8 14. O-O Bxc3 15. Bxc3 Qc5 16. Rac1 Nxd5 17. Qf5 g6 18. Qg5 Nxc3 19. Rxc3 Qxg5 20. Rfc1 Nc6 21. Be4 Rxe4 22. Rc5 Re5 23. R5c3 Rae8 24. Kf1 Qd2 0

[Event "Torneo Nuevo Centro. Jornada 11"]
[Site "Chess.com"]
[Date "2020.08.28"]
[Round "2"]
[White "Casado Andreu, David"]
[Black "Aguado, Pablo Luis"]
[Result "0-1"]
[WhiteElo "1569"]
[BlackElo "1933"]
[TimeControl "180+2"]
[EndTime "10:45:09 PDT"]
[Termination "Victoria de PLAD_2006 por jaque mate"]

1. e4 e5 2. Nf3 Nf6 3. Nxe5 d6 4. Nf3 Nxe4 5. d4 d5 6. Bd3 Bf5 7. O-O Be7 8. Re1 O-O 9. c4 Nc6 10. cxd5 Qxd5 11. Bxe4 Bxe4 12. Nc3 Bxf3 13. Nxd5 Bxd1 14. Nxe7+ Nxe7 15. Rxd1 Nd5 16. a3 c6 17. Bd2 Rfe8 18.
Re1 f6 19. h3 Kf7 20. Rac1 h5 21. f3 g5 22. Kf2 Kg6 23. Rc5 Rxe1 24. Bxe1 Re8 25.
Bd2 h4 26. g4 hxg3+ 27. Kxg3 Re2 28. Bc3 Nf4 29. Kg4 Rg2# 0

[Event "Torneo Nuevo Centro. Jornada 11"]
[Site "Chess.com"]
[Date "2020.08.28"]
[Round "2"]
[White "Más Ripoll, Vicente"]
[Black "Soliva Ruiz, Ramon"]
[Result "0-1"]
[WhiteElo "1068"]
[BlackElo "1522"]
[TimeControl "180+2"]
[EndTime "10:45:12 PDT"]
[Termination "Victoria de rasoru por abandono"]

1. e4 c5 2. Nf3 e6 3. d4 cxd4 4.
Nxd4 a6 5. Bd3 Nc6 6. Nxc6 bxc6 7. O-O Qc7 8. f4 d5 9. e5 c5 10. Qg4 c4 11. Be2 Nh6 12. Qf3 Nf5 13. c3 Rb8 14. Qh3 Qb6+ 15. Kh1 Bc5 16. g4 Ne3 17. Bxe3 Bxe3 18.
Rf3 Bc1 19. Qf1 Bxb2 0

[Event "Torneo Nuevo Centro. Jornada 11"]
[Site "Chess.com"]
[Date "2020.08.28"]
[Round "2"]
[White "Vidarte Morales, Arturo"]
[Black "Muñoz Pantoja, Miguel"]
[Result "0-1"]
[WhiteElo "2204"]
[BlackElo "1772"]
[TimeControl "180+2"]
[EndTime "10:45:32 PDT"]
[Termination "Victoria de Indalsa por abandono"]

1. c4 c5 2. Nf3 g6 3. Nc3 Bg7 4. d4 Nc6 5. d5 Nd4 6. e4 d6 7.
h3 e5 8. dxe6 fxe6 9. Bd3 Ne7 10. Nxd4 cxd4 11. Nb5 a6 12. Na3 O-O 13. O-O e5 14.
Bg5 h6 15. Bd2 g5 16. Rc1 b6 17. b4 Be6 18. c5 dxc5 19. bxc5 b5 20. Qc2 Rc8 21.
Qb2 Qd7 22. Nb1 Ng6 23. a4 Bxh3 24. c6 Qg4 25. g3 Qf3 0

[Event "Torneo Nuevo Centro. Jornada 11"]
[Site "Chess.com"]
[Date "2020.08.28"]
[Round "2"]
[White "Grigorev, Artur "]
[Black "Marques Montolio, Luis"]
[Result "0-1"]
[WhiteElo "921"]
[BlackElo "1474"]
[TimeControl "180+2"]
[EndTime "10:45:32 PDT"]
[Termination "Victoria de ateneomaritimo por tiempo"]

1. e4 d5 2. d3 dxe4 3. dxe4 Qxd1+ 4. Kxd1 Bg4+ 5. f3 Bh5 6. Bc4 e6 7. Nc3 c6 8. Bf4 Nd7 9. Ke2 h6 10. Kf2 Bc5+ 11. Be3 Bxe3+ 12. Kxe3 Ke7 13. Rd1 Nb6 14.
b3 Bg6 15. Nge2 f6 16. Nf4 Nxc4+ 17. bxc4 Bf7 18. e5 fxe5 0

[Event "Torneo Nuevo Centro. Jornada 11"]
[Site "Chess.com"]
[Date "2020.08.28"]
[Round "2"]
[White "Sos Andreu, Eric"]
[Black "Montesinos Diaz, Luis"]
[Result "1-0"]
[WhiteElo "2520"]
[BlackElo "1889"]
[TimeControl "180+2"]
[EndTime "10:45:51 PDT"]
[Termination "Victoria de ericovski por jaque mate"]

1. d4 d5 2. c4 dxc4 3. e3 Nf6 4. Bxc4 e6 5. Nf3 a6 6. O-O b5 7. Be2 Bb7 8. a4 b4 9. Nbd2 Nbd7 10. a5 c5 11. Nc4 Be7 12. b3 O-O 13. Bb2 Rc8 14.
Nce5 Nxe5 15. dxe5 Nd5 16. Qc2 Qc7 17. Bd3 h6 18. Rfc1 Qb8 19. Qe2 Qa8 20. Rc4 Bc6 21. Rg4 Bb7 22. Bc2 Rfd8 23. Qd3 Nf6 24. Rxg7+ Kxg7 25. exf6+ Kf8 26. Qh7 Ke8 27. Ne5 Rc7 28. Qxf7# 1

[Event "Torneo Nuevo Centro. Jornada 11"]
[Site "Chess.com"]
[Date "2020.08.28"]
[Round "2"]
[White "Serrano Requena, Guillem"]
[Black "Perez Garcia, Jose Miguel"]
[Result "0-1"]
[WhiteElo "1315"]
[BlackElo "2045"]
[TimeControl "180+2"]
[EndTime "10:46:01 PDT"]
[Termination "Victoria de PEREZOV69 por abandono"]

1. d4 d5 2. Nf3 e6 3. c4 Nf6 4. cxd5 exd5 5. Nc3 Nbd7 6. Bg5 Be7 7. e3 h6 8. Bf4 O-O 9. Nb5 c6 10. Nc7 Rb8 11.
Nxd5 Nxd5 12. Bxb8 Nxb8 13. Bc4 Bb4+ 14. Nd2 Qa5 15.
a3 Bxd2+ 16. Qxd2 Qxd2+ 17. Kxd2 Nb6 18. Bd3 Be6 19. Rac1 Rd8 20. h3 N8d7 21. g4 Nf8 22. f4 Re8 23. Rhe1 Nd5 24. Be2 Nf6 25. Bf3 Bd5 26. Bxd5 Nxd5 27. h4 Nd7 28. b4 a6 29.
Rb1 N7f6 30. g5 Ne4+ 31. Kd3 h5 32. Rb2 g6 33. Rf2 Nxf2+ 34. Ke2 Ne4 35. Kf3 Nd2+ 36. Ke2 Rxe3+ 37. Kxd2 Rxe1 38. Kxe1 Nxf4 0

[Event "Torneo Nuevo Centro. Jornada 11"]
[Site "Chess.com"]
[Date "2020.08.28"]
[Round "2"]
[White "Birnoveanu, Petru"]
[Black "Ortiz Benavent, Alba"]
[Result "1-0"]
[WhiteElo "1704"]
[BlackElo "1200"]
[TimeControl "180+2"]
[EndTime "10:46:21 PDT"]
[Termination "Victoria de piculet por abandono"]

1. e4 e5 2. Bc4 Nc6 3. Nf3 Bc5 4.
O-O d6 5. Nc3 Nf6 6. d3 O-O 7.
Na4 Bb6 8. Nxb6 axb6 9. a3 Re8 10. h3 h6 11. Nh2 Nh7 12. f4 Be6 13. Bxe6 Rxe6 14. f5 Re8 15. Be3 Ng5 16. Qh5 f6 17.
Bxg5 fxg5 18. h4 gxh4 19. f6 gxf6 20. Qxh6 Rf8 21. Rf5 Rf7 22. Rh5 Rg7 23. Rxh4 Kf7 24. Rf1 Qg8 25. Qxf6+ Ke8 26. Rf2 Rf7 27. Qe6+ Kf8 28.
Rxf7+ Qxf7 29. Rh8+ Kg7 30. Rh7+ Kxh7 31. Qxf7+ Kh6 32. Qxc7 Nd4 33. Qxd6+ Kh5 34. Qxe5+ Kh4 35. Qxd4 1

[Event "Torneo Nuevo Centro. Jornada 11"]
[Site "Chess.com"]
[Date "2020.08.28"]
[Round "2"]
[White "Gimenez Sanchis, Jose Antonio"]
[Black "Rabbani Perez, Oumaima "]
[Result "1-0"]
[WhiteElo "1404"]
[BlackElo "706"]
[TimeControl "180+2"]
[EndTime "10:46:27 PDT"]
[Termination "Victoria de migesoj por jaque mate"]

1. d4 d5 2. Nf3 e6 3. Bf4 Nc6 4. e3 Bb4+ 5. c3 Bd6 6. Bxd6 Qxd6 7. Be2 Nf6 8. Nbd2 Ng4 9. h3 Nh2 10. Nxh2 O-O 11. Nhf3 Na5 12. O-O Bd7 13. c4 dxc4 14.
Nxc4 Qe7 15. Nxa5 Qb4 16. Nb3 e5 17. dxe5 Be6 18. Nfd4 Bxb3 19. Nxb3 Qe7 20. Rc1 Qd8 21. Qxd8 Raxd8 22. Rfd1 Rxd1+ 23. Rxd1 Re8 24. f4 Kf8 25.
Nc5 Ke7 26. Nxb7 g6 27. a4 Rb8 28. Bf3 Rc8 29. a5 a6 30. Nc5 Rd8 31. Rxd8 Kxd8 32. Nxa6 c5 33. Nxc5 h6 34. b4 g5 35.
Kf2 gxf4 36. exf4 f6 37. exf6 Ke8 38. Bd5 Kf8 39. f7 Kg7 40. a6 h5 41. a7 Kg6 42.
f8=Q Kh7 43. Ne6 Kg6 44. f5+ Kh7 45. Qg7# 1

[Event "Torneo Nuevo Centro. Jornada 11"]
[Site "Chess.com"]
[Date "2020.08.28"]
[Round "2"]
[White "Carbonell Bofill, Carlos Eloy"]
[Black "Leal Uribe, Jhonny Alberto"]
[Result "0-1"]
[WhiteElo "1905"]
[BlackElo "2550"]
[TimeControl "180+2"]
[EndTime "10:46:38 PDT"]
[Termination "Victoria de jhonnyuribe por tiempo"]

1. d4 d5 2. Nf3 Nf6 3. e3 e6 4. Bd3 Bd6 5. Nbd2 c5 6. b3 Nc6 7.
O-O O-O 8. Bb2 b6 9. Ne5 Bb7 10. f4 Nb4 11. Be2 Rc8 12. a3 Nc6 13. Bd3 Ne7 14.
Qf3 c4 15. bxc4 dxc4 16. Qxb7 cxd3 17. cxd3 Rc2 18. Bc1 Ned5 19. Ne4 Bxe5 20. fxe5 Ng4 21. Rf3 Qh4 22. h3 Qe1+ 23. Rf1 Qe2 24. Bd2 Ndxe3 0

[Event "Torneo Nuevo Centro. Jornada 11"]
[Site "Chess.com"]
[Date "2020.08.28"]
[Round "2"]
[White "Martínez Escandell, Alfonso"]
[Black "Yatseta Fernandez, Marc Kazymyr"]
[Result "1-0"]
[WhiteElo "1929"]
[BlackElo "1515"]
[TimeControl "180+2"]
[EndTime "10:46:47 PDT"]
[Termination "Victoria de Alfonso10 por tiempo"]

1. e4 e5 2. Nf3 Nc6 3. Bb5 a6 4. Ba4 d6 5. c3 Be7 6. O-O Bd7 7. d4 b5 8. Bc2 Nf6 9. a4 Rb8 10. axb5 axb5 11. d5 O-O 12. dxc6 Bxc6 13. Re1 d5 14. exd5 Bxd5 15. Nxe5 Bd6 16. Ng4 Re8 17. Nxf6+ gxf6 18. Rxe8+ Qxe8 19. Bh6 Qd7 20. Qd3 f5 21. Na3 Be4 22. Qd4 f6 23. Bxe4 fxe4 24. Qxe4 Re8 25. Qd4 Qf5 26.
Rd1 Qe6 27. Be3 Rd8 28. Kh1 1

[Event "Torneo Nuevo Centro. Jornada 11"]
[Site "Chess.com"]
[Date "2020.08.28"]
[Round "2"]
[White "Kovacevic, Slobodan"]
[Black "Tormos Beltran, Maite"]
[Result "1-0"]
[WhiteElo "2259"]
[BlackElo "1454"]
[TimeControl "180+2"]
[EndTime "10:46:51 PDT"]
[Termination "Victoria de nikko110 por abandono"]

1. d4 Nf6 2. Nf3 g6 3. Bg5 Bg7 4. Nbd2 O-O 5. c3 Re8 6. e4 d6 7.
Qc2 Nc6 8. Rd1 e5 9. dxe5 Nxe5 10. Nxe5 Rxe5 11. Nf3 Re8 12. Be2 h6 13. Bxf6 Bxf6 14. O-O Bg4 15. h3 Bxf3 16. Bxf3 Qe7 17. g3 Rad8 18.
Kh2 Bg7 19. Rd2 Qg5 20. Rfd1 h5 21. h4 Qe5 22. Bg2 c6 23. a3 Bf6 24. Qb3 Bxh4 25.
f4 Bxg3+ 26. Kxg3 Qe7 27. Qc4 d5 28. exd5 Qe3+ 29. Bf3 cxd5 30. Rxd5 Rxd5 31. Qxd5 Re6 32. Qd8+ Kh7 33. Qd4 Qxd4 34. Rxd4 Rb6 35. b4 a6 36. Rd7 Kg7 37. Rxb7 Rxb7 38. Bxb7 1

[Event "Torneo Nuevo Centro. Jornada 11"]
[Site "Chess.com"]
[Date "2020.08.28"]
[Round "2"]
[White "Beneyto de Ramon, Guillermo"]
[Black "Perrot, Fabien "]
[Result "1-0"]
[WhiteElo "1639"]
[BlackElo "1150"]
[TimeControl "180+2"]
[EndTime "10:47:11 PDT"]
[Termination "Victoria de GUILLETE por jaque mate"]

1. c4 Nf6 2. Nc3 e5 3. g3 Bc5 4. Bg2 d6 5. d3 O-O 6. Nf3 Bb4 7.
O-O c6 8. Bg5 b6 9. Ne4 Nbd7 10.
a3 Bc5 11. b4 Bd4 12. Nxd4 exd4 13. Nxd6 h6 14. Bxf6 Nxf6 15. Ne4 Bf5 16. Nxf6+ Qxf6 17. Qd2 Rac8 18. e3 c5 19. bxc5 bxc5 20. e4 Bg4 21. h3 Bd7 22. f4 Rb8 23. e5 Qd8 24. Rab1 h5 25. Qe2 g6 26. Qe4 Bf5 27. Qe2 Qc7 28. g4 hxg4 29. hxg4 Be6 30. f5 gxf5 31. gxf5 Bc8 32.
Qg4+ Kh7 33. Qh5+ Kg8 34. f6 Qd7 35. Qg5+ Kh8 36. Qg7# 1

[Event "Torneo Nuevo Centro. Jornada 11"]
[Site "Chess.com"]
[Date "2020.08.28"]
[Round "2"]
[White "Serarols Mabras, Bernat"]
[Black "Carbonell Sancho, Marc"]
[Result "1/2-1/2"]
[WhiteElo "2445"]
[BlackElo "1887"]
[TimeControl "180+2"]
[EndTime "10:47:38 PDT"]
[Termination "Partida en tablas por mutuo acuerdo"]

1. d4 Nf6 2. c4 g6 3. Nf3 Bg7 4. e3 O-O 5. Nc3 d6 6. Be2 Nc6 7. O-O Nd7 8. Qc2 e5 9. dxe5 Ndxe5 10. b3 Bf5 11. Qd2 Rb8 12. Bb2 Nxf3+ 13. Bxf3 Ne5 14. Be2 Be6 15. Rfd1 f5 16. Nd5 Kh8 17. Nf4 Bg8 18. Rac1 Qe7 19. Nd5 Qf7 20. Bc3 Rbd8 21. Qb2 c6 22.
Nf4 Qe7 23. Nd3 Rfe8 24. c5 dxc5 25. Nxe5 Rxd1+ 26. Rxd1 Bxe5 27. Bxe5+ Qxe5 28. Qxe5+ Rxe5 29. Rd7 b5 30. Rxa7 Rd5 31. Kf1 Rd2 32. Ke1 Rb2 33. Bf3 c4 34. bxc4 bxc4 35. Rc7 c3 36. Rxc6 c2 37.
Kd2 Rxa2 38. Rxc2 Rxc2+ 39. Kxc2 Kg7 40. Kd3 Kf6 41. Kd4 Bf7 42. g4 Be8 43. gxf5 gxf5 44. Bd5 Ba4 45. f4 h6 46. h4 Bc2 47.
Bc6 Bb1 48. Be8 Bc2 49. Kc5 Ke6 50. Bh5 Be4 51. Kb6 Kd6 52. Bf7 Bd3 1/2-1

[Event "Torneo Nuevo Centro. Jornada 11"]
[Site "Chess.com"]
[Date "2020.08.28"]
[Round "2"]
[White "Cayon Pelaez, Pablo"]
[Black "Alvarez Usina, Jordi"]
[Result "1-0"]
[WhiteElo "1755"]
[BlackElo "1266"]
[TimeControl "180+2"]
[EndTime "10:47:42 PDT"]
[Termination "Victoria de Ataquedefinitivo por abandono"]

1. e4 e5 2. Nf3 Nf6 3. Nxe5 d6 4. Nf3 Nxe4 5. d4 Qe7 6. Be3 Nc6 7. Bb5 Bd7 8. O-O g6 9. d5 Ne5 10. Be2 Bg7 11. c3 O-O 12. Nbd2 Nf6 13. Re1 Nxd5 14. Bd4 c5 15. Bxe5 Bxe5 16. Nc4 Nc7 17. Ncxe5 dxe5 18.
Bc4 Be6 19. Rxe5 Qd8 20. Bxe6 Qxd1+ 21. Rxd1 Nxe6 22. Ng5 Nxg5 23. Rxg5 Rfe8 24. Rxc5 Re7 25. Rcd5 Kg7 26. g3 Rae8 27. Kg2 Re2 28. R1d2 R8e7 29.
Kf3 Re1 30. Rd7 Rxd7 31. Rxd7 Ra1 32. a3 Ra2 33. Rxb7 a5 34. Rb5 a4 35. Ke3 Kf6 36. Kd3 1

[Event "Torneo Nuevo Centro. Jornada 11"]
[Site "Chess.com"]
[Date "2020.08.28"]
[Round "2"]
[White "Alegre Romaguera, Francesc"]
[Black "Macias Pino, Diego"]
[Result "0-1"]
[WhiteElo "1327"]
[BlackElo "2250"]
[TimeControl "180+2"]
[EndTime "10:47:46 PDT"]
[Termination "Victoria de adivinaquiensoy por jaque mate"]

1. e4 c6 2. Nc3 d5 3. Nf3 Nf6 4. d3 Bg4 5. Be2 e6 6. h3 Bh5 7. Bg5 Be7 8. O-O h6 9. Bh4 Nbd7 10. g4 Bg6 11. Bg3 O-O 12. Ne5 Nxe5 13. Bxe5 Bd6 14.
Bxd6 Qxd6 15. f4 dxe4 16. dxe4 Qc5+ 17. Kh1 Nxe4 18. Nxe4 Bxe4+ 19. Bf3 Qe3 20. Bxe4 Qxe4+ 21. Qf3 Qxc2 22. Rf2 Qc4 23. f5 exf5 24. Qxf5 Rfe8 25. Qxf7+ Qxf7 26. Rxf7 Kxf7 27. Rf1+ Kg8 28. Kg2 Re2+ 29. Kg3 Rxb2 30. Kh4 Rxa2 31. Kh5 Rf8 32. Re1 Ra3 33. h4 Kh7 34. Re6 Rg3 35. g5 hxg5 36. hxg5 Rf5 37. Kh4 Rgxg5 38. Rh6+ gxh6 39. Kh3 c5 40. Kh4 c4 41. Kh3 c3 42. Kh4 c2 43. Kh3 c1=R 44. Kh2 Rc3 45. Kh1 Rh3# 0

[Event "Torneo Nuevo Centro. Jornada 11"]
[Site "Chess.com"]
[Date "2020.08.28"]
[Round "2"]
[White "Yuste Valenzuela, Alejandro"]
[Black "Fenollar Jorda, Manolo"]
[Result "0-1"]
[WhiteElo "1874"]
[BlackElo "2466"]
[TimeControl "180+2"]
[EndTime "10:48:19 PDT"]
[Termination "Victoria de Cucudrulu por abandono"]

1. e4 e5 2. Nf3 Nc6 3. d4 exd4 4. Bc4 Bc5 5. c3 dxc3 6. Bxf7+ Kxf7 7. Qd5+ Kf8 8.
Qxc5+ d6 9. Qxc3 Nf6 10. Nbd2 Qe8 11. O-O Nxe4 12. Nxe4 Qxe4 13. Re1 Qf5 14. Bh6 Rg8 15. Bd2 Bd7 16. Qb3 b6 17. Bc3 Re8 18.
Rxe8+ Bxe8 19. Re1 Qf7 20. Qc2 h6 21. b3 Bd7 22.
Qe4 Qf5 23. Qe2 Kf7 24. Qc4+ d5 25. Qf1 Re8 26. Rxe8 Kxe8 27. Qe1+ Kf7 28. h3 Qe4 29. Qxe4 dxe4 30. Ne5+ Nxe5 31. Bxe5 c6 32. Kf1 g6 33. Ke2 Ke6 34. Bb2 Kd5 35. Ke3 c5 36. Bg7 h5 37.
Bb2 b5 38. h4 a5 39. g3 b4 40.
Kf4 Bf5 41. Ke3 Be6 42. f3 exf3 43. Kxf3 c4 44. bxc4+ Kxc4 45. Ke3 a4 46. a3 Kb3 47. Bc1 bxa3 0

[Event "Torneo Nuevo Centro. Jornada 11"]
[Site "Chess.com"]
[Date "2020.08.28"]
[Round "2"]
[White "Escalona Moncholi, Felix"]
[Black "Martin Ayala, David"]
[Result "1-0"]
[WhiteElo "2108"]
[BlackElo "1818"]
[TimeControl "180+2"]
[EndTime "10:48:43 PDT"]
[Termination "Victoria de SchachSpielerESP por tiempo"]

1. e4 d5 2. exd5 Nf6 3. Nf3 Nxd5 4. d4 g6 5. c4 Nb6 6. Be3 Bg7 7. Nc3 O-O 8. Be2 Bg4 9. O-O Nc6 10. b3 Bxf3 11.
Bxf3 Nxd4 12. Bxb7 Rb8 13. Be4 e5 14. Rc1 f5 15.
Bb1 c5 16. f3 Qe7 17. Qe1 Rbd8 18. Qf2 a6 19. Rfe1 Qb7 20. Bg5 Rde8 21. h4 h6 22. Bd2 Kh7 23. Rcd1 Rg8 24. Ne2 Bf6 25.
f4 e4 26. Be3 Qe7 27. Nxd4 cxd4 28. Bxd4 Bxh4 29. g3 g5 30. gxh4 gxf4+ 31. Kf1 Nd7 32. Qxf4 Qf7 33. Bxe4 Rxe4 34. Rxe4 Qg6 35. Re2 Nf6 36.
Rdd2 Ne4 37. Rd3 Qe6 38. Rf3 Nd6 39. Rxe6 Rg4 40. Qxd6 1

[Event "Torneo Nuevo Centro. Jornada 11"]
[Site "Chess.com"]
[Date "2020.08.28"]
[Round "2"]
[White "Sampedro Roig, Josep Francesc"]
[Black "Gil López, Alejandro"]
[Result "0-1"]
[WhiteElo "1836"]
[BlackElo "2211"]
[TimeControl "180+2"]
[EndTime "10:48:46 PDT"]
[Termination "Victoria de AglVal0313 por abandono"]

1. e4 c5 2. Nf3 g6 3. d4 cxd4 4. Nxd4 Bg7 5. c4 Nc6 6. Be3 Nf6 7. Nc3 O-O 8. Be2 d6 9. O-O Bd7 10. Rc1 a6 11. f3 Rb8 12. Qd2 Nxd4 13. Bxd4 b5 14.
cxb5 axb5 15. b4 e6 16. Rfd1 d5 17. exd5 exd5 18. Bf1 Re8 19. Bf2 Bc6 20. Ne2 Bd7 21.
Nd4 Rb6 22. Nb3 Rc6 23. Nc5 Rc8 24. Bd4 Bc6 25. Qg5 h6 26. Qh4 g5 27. Qf2 Qd6 28. Re1 Rxe1 29. Rxe1 Re8 30. Rxe8+ Nxe8 31. Bxg7 Nxg7 32.
Bd3 Ne6 33. Bb1 Nxc5 34. Qxc5 Qxc5+ 35. bxc5 Kg7 36. Kf2 Kf6 37. Ke3 Ke5 38. Bc2 d4+ 39. Kd3 f6 40. Bb3 Bd5 41. Bc2 Bxa2 42. Bd1 Bc4+ 43.
Kd2 Kd5 44. Bc2 Kxc5 45. Bf5 b4 46. Bb1 b3 47. Be4 Kb4 48. Kc1 Kc3 0